[ AOE2 MATCH · #507634037 ]
UnrankedTeutons vs Persians
Player's team · WIN
Rival team · LOSS
[ REPLAY ANALYSIS · EXTRACTED FROM THE RECORDED GAME ]
Feudal
8:50
Castle
26:20
Imperial
—
| APM avg | 36.1 |
| APM peak | 77 |
| eAPM avg | 18.1 |
| Villagers / military | 92 / 34 |
Focus
⚔️ 29.3% · 🌾 70.7%
Knight ×29 · Skirmisher ×4 · Spearman ×1
Feudal
8:49
Castle
23:18
Imperial
—
| APM avg | 44.0 |
| APM peak | 101 |
| eAPM avg | 20.4 |
| Villagers / military | 118 / 36 |
Focus
⚔️ 26.9% · 🌾 73.1%
Archer ×23 · Monk ×4 · Skirmisher ×3 · Mangonel ×2 · Camel Scout ×2 · Battering Ram ×2
Match map
Initial resources + every placement click. Lines = walls · curves = elevation contours. ◆ gold · ⬟ stone · ● berries · ✦ relic · ◌ wall gap
Your base· ✓ Closed at 26:20 · 52t walls · 1 gate(s)
AnTeK's base· Open — unwalled flank
Smoothed initial terrain · ◌ = detected wall gap · hover for details
Inputs per minute
— Charlie Mx - - AnTeK
Build order — Charlie Mx
First 150 of 233 actions detected
| 0:00 | Queue | Villager (Male) |
| 0:00 | Queue | Villager (Male) |
| 0:01 | Queue | Villager (Male) |
| 0:01 | Queue | Villager (Male) |
| 0:01 | Queue | Villager (Male) |
| 0:02 | Build | House |
| 0:04 | Build | House |
| 1:29 | Queue | Villager (Male) |
| 1:56 | Queue | Villager (Male) |
| 2:10 | Build | Lumber Camp |
| 2:14 | Queue | Villager (Male) |
| 2:30 | Queue | Villager (Male) |
| 2:55 | Queue | Villager (Male) |
| 3:07 | Queue | Villager (Male) |
| 3:26 | Queue | Villager (Male) |
| 3:49 | Build | House |
| 3:50 | Build | House |
| 3:50 | Build | Palisade Wall |
| 4:00 | Queue | Villager (Male) |
| 4:26 | Queue | Villager (Male) |
| 4:35 | Queue | Villager (Male) |
| 4:46 | Queue | Villager (Male) |
| 4:53 | Build | Mill |
| 5:05 | Research | Loom |
| 6:37 | Research | Feudal Age |
| 7:01 | Build | Mining Camp |
| 7:55 | Queue | Villager (Male) |
| 8:34 | Queue | Villager (Male) |
| 8:46 | Queue | Villager (Male) |
| 8:50 | Age | Feudal Age |
| 8:55 | Queue | Villager (Male) |
| 9:02 | Build | Watch Tower |
| 9:15 | Queue | Villager (Male) |
| 9:23 | Queue | Villager (Male) |
| 9:26 | Build | House |
| 9:26 | Build | Palisade Wall |
| 9:52 | Build | Watch Tower |
| 9:58 | Research | Double-Bit Axe |
| 9:58 | Queue | Villager (Male) |
| 10:04 | Build | House |
| 10:05 | Build | House |
| 10:22 | Build | Palisade Wall |
| 10:24 | Build | Palisade Wall |
| 10:27 | Queue | Villager (Male) |
| 10:52 | Build | Watch Tower |
| 10:55 | Build | Palisade Wall |
| 10:57 | Build | Palisade Wall |
| 11:01 | Queue | Villager (Male) |
| 11:31 | Queue | Villager (Male) |
| 11:42 | Build | Palisade Wall |
| 11:44 | Build | Palisade Wall |
| 12:00 | Build | Barracks |
| 12:08 | Build | Barracks |
| 12:13 | Queue | Villager (Male) |
| 12:17 | Build | Palisade Wall |
| 12:24 | Build | Palisade Wall |
| 12:26 | Build | Farm |
| 12:27 | Build | Farm |
| 12:39 | Build | Archery Range |
| 12:41 | Queue | Villager (Male) |
| 12:47 | Build | Palisade Gate |
| 12:51 | Build | Farm |
| 13:06 | Build | Watch Tower |
| 13:08 | Queue | Skirmisher |
| 13:20 | Build | House |
| 13:31 | Queue | Villager (Male) |
| 13:31 | Queue | Villager (Male) |
| 13:32 | Queue | Villager (Male) |
| 13:42 | Build | Farm |
| 14:02 | Queue | Villager (Male) |
| 14:24 | Build | Farm |
| 14:26 | Build | Farm |
| 14:42 | Build | Watch Tower |
| 14:45 | Build | House |
| 14:46 | Build | House |
| 14:57 | Queue | Villager (Male) |
| 14:57 | Queue | Villager (Male) |
| 14:57 | Queue | Villager (Male) |
| 14:58 | Queue | Villager (Male) |
| 15:03 | Build | Farm |
| 15:15 | Queue | Villager (Male) |
| 15:37 | Build | Watch Tower |
| 15:40 | Queue | Villager (Male) |
| 15:53 | Build | House |
| 15:54 | Build | Palisade Wall |
| 16:20 | Queue | Villager (Male) |
| 16:22 | Queue | Villager (Male) |
| 16:26 | Build | Blacksmith |
| 16:37 | Queue | Villager (Male) |
| 16:41 | Queue | Spearman |
| 16:42 | Queue | Skirmisher |
| 16:43 | Queue | Villager (Male) |
| 16:45 | Queue | Villager (Male) |
| 16:50 | Build | Mining Camp |
| 17:15 | Queue | Villager (Male) |
| 17:17 | Build | Farm |
| 17:38 | Queue | Skirmisher |
| 17:40 | Queue | Villager (Male) |
| 17:45 | Queue | Villager (Male) |
| 17:46 | Queue | Villager (Male) |
| 17:46 | Queue | Villager (Male) |
| 17:54 | Build | Watch Tower |
| 18:01 | Queue | Villager (Male) |
| 18:17 | Queue | Villager (Male) |
| 18:23 | Research | Fletching |
| 18:26 | Queue | Villager (Male) |
| 18:55 | Queue | Villager (Male) |
| 19:06 | Queue | Villager (Male) |
| 19:07 | Queue | Villager (Male) |
| 19:11 | Queue | Villager (Male) |
| 19:30 | Queue | Villager (Male) |
| 19:46 | Build | Farm |
| 19:48 | Build | Lumber Camp |
| 19:51 | Build | House |
| 19:51 | Build | House |
| 19:52 | Build | Palisade Wall |
| 20:06 | Build | Watch Tower |
| 20:08 | Queue | Villager (Male) |
| 20:11 | Build | Mining Camp |
| 20:21 | Queue | Villager (Male) |
| 20:26 | Research | Town Watch |
| 20:28 | Queue | Villager (Male) |
| 20:30 | Build | Farm |
| 20:42 | Queue | Skirmisher |
| 21:16 | Build | Market |
| 21:24 | Build | Palisade Wall |
| 21:34 | Build | Palisade Wall |
| 21:35 | Build | Palisade Wall |
| 21:36 | Build | Palisade Wall |
| 21:47 | Queue | Villager (Male) |
| 21:48 | Research | Wheelbarrow |
| 21:51 | Build | Farm |
| 21:53 | Build | Farm |
| 22:14 | Queue | Villager (Male) |
| 22:26 | Build | Farm |
| 22:33 | Build | Farm |
| 22:33 | Build | Farm |
| 22:36 | Build | Farm |
| 22:58 | Build | Farm |
| 23:00 | Build | Farm |
| 23:40 | Research | Castle Age |
| 23:49 | Queue | Villager (Male) |
| 24:08 | Research | Gold Mining |
| 24:29 | Build | Watch Tower |
| 24:40 | Build | Watch Tower |
| 24:48 | Build | Stable |
| 25:01 | Build | Watch Tower |
| 25:04 | Queue | Villager (Male) |
| 25:30 | Queue | Villager (Male) |
| 25:39 | Research | Scale Barding Armor |
Build order — AnTeK
First 150 of 262 actions detected
| 0:00 | Queue | Villager (Male) |
| 0:02 | Build | House |
| 0:03 | Build | House |
| 0:07 | Queue | Villager (Male) |
| 0:08 | Queue | Villager (Male) |
| 0:08 | Queue | Villager (Male) |
| 0:23 | Queue | Villager (Male) |
| 0:23 | Queue | Villager (Male) |
| 1:24 | Queue | Villager (Male) |
| 1:25 | Queue | Villager (Male) |
| 1:47 | Build | Lumber Camp |
| 1:58 | Queue | Villager (Male) |
| 2:14 | Queue | Villager (Male) |
| 2:14 | Queue | Villager (Male) |
| 2:45 | Queue | Villager (Male) |
| 2:45 | Queue | Villager (Male) |
| 3:05 | Queue | Villager (Male) |
| 3:35 | Queue | Villager (Male) |
| 3:36 | Queue | Villager (Male) |
| 3:45 | Build | House |
| 3:57 | Queue | Villager (Male) |
| 4:09 | Build | House |
| 4:30 | Queue | Villager (Male) |
| 4:53 | Build | Lumber Camp |
| 4:57 | Build | Mill |
| 5:08 | Queue | Villager (Male) |
| 5:12 | Queue | Villager (Male) |
| 5:27 | Queue | Villager (Male) |
| 5:30 | Queue | Villager (Male) |
| 5:30 | Queue | Villager (Male) |
| 5:36 | Queue | Villager (Male) |
| 5:36 | Queue | Villager (Male) |
| 6:04 | Research | Loom |
| 6:38 | Research | Feudal Age |
| 6:45 | Build | Lumber Camp |
| 7:46 | Queue | Villager (Male) |
| 7:58 | Build | Barracks |
| 8:22 | Build | Lumber Camp |
| 8:25 | Build | Barracks |
| 8:31 | Build | Barracks |
| 8:36 | Queue | Villager (Male) |
| 8:49 | Age | Feudal Age |
| 8:53 | Build | Palisade Wall |
| 8:57 | Queue | Villager (Male) ×4 |
| 9:02 | Queue | Villager (Male) |
| 9:43 | Build | Farm |
| 9:46 | Queue | Villager (Male) |
| 9:51 | Build | Archery Range |
| 10:16 | Build | House |
| 10:19 | Build | House |
| 10:22 | Queue | Villager (Male) |
| 10:30 | Build | Blacksmith |
| 10:31 | Build | House |
| 10:39 | Build | House |
| 10:45 | Build | House |
| 10:57 | Queue | Villager (Male) |
| 11:05 | Queue | Villager (Male) |
| 11:07 | Queue | Archer |
| 11:13 | Queue | Villager (Male) |
| 11:30 | Build | Mining Camp |
| 11:34 | Queue | Villager (Male) |
| 11:45 | Build | Farm |
| 11:55 | Queue | Villager (Male) |
| 12:07 | Build | Farm |
| 12:19 | Queue | Villager (Male) |
| 12:22 | Build | Farm |
| 12:27 | Queue | Villager (Male) |
| 12:32 | Build | Farm |
| 12:37 | Queue | Villager (Male) |
| 12:54 | Build | Farm |
| 12:55 | Queue | Villager (Male) |
| 13:01 | Build | Farm |
| 13:04 | Queue | Skirmisher |
| 13:06 | Queue | Villager (Male) |
| 13:15 | Research | Fletching |
| 13:19 | Build | Farm |
| 13:21 | Build | Farm |
| 13:24 | Build | Farm |
| 13:25 | Queue | Villager (Male) |
| 13:37 | Queue | Archer |
| 13:47 | Queue | Villager (Male) |
| 13:54 | Build | Farm |
| 14:07 | Research | Double-Bit Axe |
| 14:20 | Queue | Archer |
| 14:50 | Queue | Villager (Male) |
| 14:58 | Queue | Villager (Male) |
| 15:17 | Queue | Villager (Male) |
| 15:34 | Queue | Archer |
| 15:48 | Queue | Villager (Male) |
| 16:02 | Queue | Villager (Male) ×5 |
| 16:25 | Queue | Villager (Male) |
| 16:33 | Queue | Villager (Male) ×3 |
| 16:35 | Queue | Archer |
| 16:45 | Build | Lumber Camp |
| 16:49 | Queue | Villager (Male) |
| 17:09 | Queue | Villager (Male) |
| 17:13 | Queue | Archer |
| 17:33 | Build | House |
| 17:34 | Build | House |
| 17:35 | Build | House |
| 17:42 | Queue | Archer |
| 17:42 | Queue | Archer |
| 18:10 | Queue | Archer |
| 18:12 | Queue | Skirmisher |
| 18:13 | Queue | Villager (Male) |
| 18:21 | Queue | Skirmisher |
| 18:35 | Queue | Archer |
| 19:24 | Build | Farm |
| 19:25 | Queue | Villager (Male) |
| 19:25 | Queue | Villager (Male) |
| 19:32 | Queue | Archer |
| 19:32 | Queue | Archer |
| 20:01 | Build | Market |
| 20:02 | Queue | Villager (Male) |
| 20:03 | Queue | Archer |
| 20:04 | Queue | Archer |
| 20:17 | Build | Farm |
| 20:20 | Build | Farm |
| 20:30 | Queue | Villager (Male) |
| 20:33 | Research | Castle Age |
| 20:40 | Build | House |
| 20:42 | Build | House |
| 20:53 | Build | Palisade Wall |
| 20:55 | Queue | Villager (Male) |
| 21:03 | Queue | Archer |
| 21:11 | Queue | Villager (Male) |
| 21:23 | Build | Outpost |
| 21:25 | Queue | Villager (Male) |
| 21:33 | Research | Horse Collar |
| 21:49 | Queue | Archer |
| 22:00 | Queue | Villager (Male) |
| 22:13 | Build | House |
| 22:17 | Build | House |
| 22:18 | Queue | Villager (Male) |
| 22:21 | Build | Farm |
| 22:22 | Build | Farm |
| 22:26 | Build | Farm |
| 22:32 | Build | Farm |
| 22:33 | Build | Farm |
| 22:34 | Queue | Archer |
| 22:56 | Queue | Villager (Male) |
| 23:01 | Build | House |
| 23:03 | Build | House |
| 23:07 | Build | Palisade Wall |
| 23:18 | Age | Castle Age |
| 23:23 | Research | Bodkin Arrow |
| 23:36 | Research | Crossbowman (upgrade) |
| 23:37 | Queue | Villager (Male) |
| 23:52 | Build | Siege Workshop |
| 23:54 | Queue | Villager (Male) |
Match timeline
| 3:50 | Charlie Mx · wall_segment Palisade Wall x1 |
| 7:58 | AnTeK · first_building Barracks |
| 8:49 | AnTeK · age_up feudal |
| 8:50 | Charlie Mx · age_up feudal |
| 8:53 | AnTeK · wall_segment Palisade Wall x1 |
| 9:26 | Charlie Mx · wall_segment Palisade Wall x1 |
| 9:51 | AnTeK · first_building Archery Range |
| 10:22 | Charlie Mx · wall_segment Palisade Wall x12 |
| 10:24 | Charlie Mx · wall_segment Palisade Wall x1 |
| 10:55 | Charlie Mx · wall_segment Palisade Wall x1 |
| 10:57 | Charlie Mx · wall_segment Palisade Wall x1 |
| 11:42 | Charlie Mx · wall_segment Palisade Wall x8 |
| 11:44 | Charlie Mx · wall_segment Palisade Wall x3 |
| 12:00 | Charlie Mx · first_building Barracks |
| 12:17 | Charlie Mx · wall_segment Palisade Wall x12 |
| 12:24 | Charlie Mx · wall_segment Palisade Wall x5 |
| 12:39 | Charlie Mx · first_building Archery Range |
| 15:54 | Charlie Mx · wall_segment Palisade Wall x1 |
| 19:52 | Charlie Mx · wall_segment Palisade Wall x1 |
| 20:33 | AnTeK · first_market_buy 100 food |
| 20:53 | AnTeK · wall_segment Palisade Wall x1 |
| 21:24 | Charlie Mx · wall_segment Palisade Wall x2 |
| 21:34 | Charlie Mx · wall_segment Palisade Wall x1 |
| 21:35 | Charlie Mx · wall_segment Palisade Wall x1 |
| 21:36 | Charlie Mx · wall_segment Palisade Wall x1 |
| 23:07 | Charlie Mx · first_market_buy 100 food |
| 23:07 | AnTeK · wall_segment Palisade Wall x7 |
| 23:18 | AnTeK · age_up castle |
| 23:32 | Charlie Mx · first_market_sell 100 wood |
| 23:35 | AnTeK · first_market_sell 100 wood |
| 23:52 | AnTeK · first_building Siege Workshop |
| 24:48 | Charlie Mx · first_building Stable |
| 26:20 | Charlie Mx · age_up castle |
| 27:55 | AnTeK · first_building Monastery |
| 28:31 | AnTeK · first_building Stable |
| 34:29 | AnTeK · resign |
[ AI ANALYSIS · 1 CREDIT ]
What really happened in this match?
Wolo.gg analyzes every decision: build order, eco, micro, common mistakes by bracket. Personalized analysis on WhatsApp or Discord in 30 seconds.
Civ guide
Teutons
Perfil
Jugador #3926669